 Dungeon Crawl Stone Soup version 0.20.1-1-g8b1a95d (webtiles) character file.

224 jojo4000 the Ruffian (level 5, -1/41 HPs)
             Began as a Demonspawn Berserker on July 18, 2017.
             Was a Believer of Trog.
             Killed by divine providence
             ... invoked by an orc priest
              (13 damage)
             ... on level 3 of the Dungeon.
             The game lasted 00:11:49 (3551 turns).

jojo4000 the Ruffian (Demonspawn Berserker)         Turns: 3551, Time: 00:11:50

Health: -1/41      AC:  5    Str: 21    XL:     5   Next: 67%
Magic:  5/5        EV: 12    Int:  8    God:    Trog [**....]
Gold:   149        SH:  0    Dex: 15    Spells: 4/4 levels left

rFire    . . .     SeeInvis .     - Unarmed
rCold    + . .     Gourm    .   (no shield)
rNeg     . . .     Faith    .   a - +0 animal skin
rPois    .         Spirit   .   n - +1 helmet
rElec    .         Reflect  .   (no cloak)
rCorr    .         Harm     .   t - +0 pair of gloves
MR       .....                  (no boots)
Stlth    ++........             (no amulet)
Regen    0.2/turn               p - +3 ring of strength
MPRegen  0.1/turn               u - ring of wizardry

@: berserk cooldown
A: hooves 2, thin skeletal structure 1, cold resistance 1
a: Berserk, Trog's Hand, Burn Spellbooks, Renounce Religion


You were on level 3 of the Dungeon.
You worshipped Trog.
Trog was pleased with you.
You were hungry.

You visited 1 branch of the dungeon, and saw 3 of its levels.

You collected 149 gold pieces.

Inventory:

Armour
 a - a +0 animal skin (worn)
 n - a +1 helmet (worn)
 t - a +0 pair of gloves (worn)
 w - a +0 plate armour
Jewellery
 p - a +3 ring of strength (left hand)
 u - a ring of wizardry (right hand)
Scrolls
 f - a scroll of recharging {unknown}
 j - 3 scrolls of identify {unknown}
 k - 4 scrolls of remove curse {unknown}
 m - a scroll of magic mapping {unknown}
 r - 2 scrolls of teleportation {unknown}
 s - a scroll of enchant weapon {unknown}
Potions
 d - a potion of curing {unknown}
 e - 3 potions of flight {unknown}
 g - 2 potions of haste {unknown}
 h - a potion of ambrosia {unknown}
 i - 2 potions of might {unknown}
 l - a potion of lignification {unknown}
 o - 2 potions of heal wounds {unknown}
 q - a potion of brilliance {unknown}
Comestibles
 b - 3 bread rations
 c - 2 fruits
 v - 3 chunks of flesh


   Skills:
 - Level 3.0 Fighting
 - Level 1.7 Armour
 - Level 1.7 Dodging
 + Level 5.9 Unarmed Combat


You had 4 spell levels left.
You didn't know any spells.

Dungeon Overview and Level Annotations

Branches:
Dungeon (3/15)

Altars:
Gozag
Okawaru
The Shining One

Shops:
D:3 *


Innate Abilities, Weirdness & Mutations

You have hoof-like feet.
You have a somewhat thin skeletal structure. (Dex +2, Stealth)
Your flesh is cold resistant. (rC+)


Message History

The orc priest looks encouraged for a moment.
You feel the effects of Trog's Hand fading.
Your skin stops crawling.
You feel less resistant to hostile enchantments.
You are feeling hungry.
The orc priest casts a cantrip, but nothing happens.
The orc priest begins to cast a cantrip, but forgets the words!
You see here 16 stones.
The orc priest casts a cantrip, but nothing happens.
The orc priest looks braver for a moment.
The orc priest miscasts a cantrip.
The orc priest looks satisfied for a moment.
The orc priest miscasts a cantrip.
You feel yourself speed up.
The orc priest calls down the wrath of Beogh upon you.
Pain shoots through your body!
* * * LOW HITPOINT WARNING * * *
The orc priest calls down the wrath of Beogh upon you.
Beogh smites you!
You die...

#.# ........(......##
##.# ..#
.###.......####.###.##
#.# ##.....## ##.#.##
#.# ##...## ##)## #.#
##(## ### #.# #.#
#.######. #.#
#........ #.#
.###############@#
...........o.....#
.################# ##


You could see an orc priest.

Vanquished Creatures
  2 orc priests (D:3)
  A worker ant (D:3)
  3 gnolls (D:3)
  3 adders (D:2)
  2 worms (D:2)
  3 dart slugs
  A leopard gecko (D:1)
  6 orcs (D:3)
  4 giant cockroaches
  11 goblins
  5 hobgoblins
  2 jackals (D:1)
  2 ball pythons (D:2)
  5 bats
  2 frilled lizards (D:2)
  9 kobolds
  9 rats
70 creatures vanquished.

Notes
Turn   | Place    | Note
-------+----------+-------------------------------------------
     0 | D:1      | jojo4000 the Demonspawn Berserker began the quest for the Orb.
     0 | D:1      | Reached XP level 1. HP: 18/18 MP: 1/1
    27 | D:1      | Reached skill level 3 in Unarmed Combat
   244 | D:1      | Gained mutation: Your flesh is cold resistant. (rC+) [demonic ancestry]
   244 | D:1      | Reached XP level 2. HP: 18/24 MP: 2/2
   948 | D:1      | Found a glowing golden altar of the Shining One.
  1135 | D:2      | Gained mutation: You have a somewhat thin skeletal structure. (Dex +2, Stealth) [demonic ancestry]
  1135 | D:2      | Reached XP level 3. HP: 29/29 MP: 3/3
  1136 | D:2      | Found an iron altar of Okawaru.
  1257 | D:2      | Reached ** piety under Trog
  1257 | D:2      | Reached skill level 4 in Unarmed Combat
  1737 | D:2      | Gained mutation: You have large cloven feet. [demonic ancestry]
  1737 | D:2      | Reached XP level 4. HP: 17/35 MP: 4/4
  2574 | D:2      | Found a faded altar of an unknown god.
  2681 | D:3      | Found Gozag's Platinum Reserve.
  2706 | D:3      | Found an opulent altar of Gozag.
  2795 | D:3      | Reached skill level 5 in Unarmed Combat
  3037 | D:3      | Gained mutation: You have hoof-like feet. [demonic ancestry]
  3037 | D:3      | Reached XP level 5. HP: 33/41 MP: 5/5
  3551 | D:3      | Killed from afar by an orc priest

Skill      XL: |  1  2  3  4 |
---------------+-------------+-----
Unarmed Combat | 3 4 5 |  5.9
Fighting       | |  3.0
Armour         | |  1.7
Dodging        | |  1.7

Action                   |  1- 3 |  4- 6 || total
-------------------------+-------+-------++-------
Melee: Unarmed           |   146 |    69 ||   215
       Punch             |     4 |     3 ||     7
       Kick              |       |    25 ||    25
Invok: Berserk           |     2 |     2 ||     4
       Trog's Hand       |       |     1 ||     1
 Stab: Sleeping          |     1 |     2 ||     3
  Eat: Chunk             |     3 |     8 ||    11
       Fruit             |     1 |       ||     1
Armor: Animal skin       |    35 |     7 ||    42
Dodge: Dodged            |    68 |    22 ||    90
